 Dungeon Crawl Stone Soup version 0.26.1-2-gb8aa6d0cf2 (webtiles) character file.

Game seed: 9298479263214559274

77 manyhoops the Firebug (level 4, -15/27 HPs)
             Began as an Octopode Fire Elementalist on Mar 28, 2021.
             Demolished by an ogre
             ... wielding a +0 giant spiked club
              (16 damage)
             ... on level 4 of the Dungeon.
             The game lasted 00:05:16 (1806 turns).

manyhoops the Firebug (Octopode Fire Elementalist)  Turns: 1806, Time: 00:05:16

Health: -15/27     AC:  5    Str:  7    XL:     4   Next: 34%
Magic:  4/7        EV: 14    Int: 24    God:
Gold:   115        SH:  0    Dex: 12    Spells: 0/7 levels left

rFire    . . .     SeeInvis .   (no weapon)
rCold    . . .     Faith    .   (no shield)
rNeg     . . .     Spirit   .   g - +2 hat
rPois    .         Reflect  .   (no amulet)
rElec    .         Harm     .   b - +6 ring of intelligence
rCorr    .         Rampage  .   c - ring of attention (curse)
Will     .....                  i - ring of wizardry
Stlth    ++........             (no ring)
HPRegen  0.09/turn              (no ring)
MPRegen  0.10/turn              (no ring)
                                (no ring)
                                (no ring)

@: mighty, brilliant
A: almost no armour, stealthy swim, amphibious, 8 rings, constrict 8, tentacle
spike 1, yellow scales 1, camouflage 1, screaming 1, gelatinous body 1,
MP-powered wands
a: no special abilities


You were on level 4 of the Dungeon.
You visited 1 branch of the dungeon, and saw 3 of its levels.

You collected 115 gold pieces.

Inventory:

Armour
 g - a +2 hat (worn)
Jewellery
 b - a +6 ring of intelligence (left tentacle)
 c - a cursed ring of attention (right tentacle)
 i - a ring of wizardry (on tentacle)
Potions
 l - a potion of might


   Skills:
 + Level 2.6 Dodging
 + Level 3.9 Stealth
 + Level 2.3 Spellcasting
 + Level 1.0 Conjurations
 * Level 3.9 Fire Magic


You couldn't memorise any spells.
You knew the following spells:

 Your Spells              Type           Power        Failure   Level
a - Foxfire               Conj/Fire      88%          1%          1
b - Conjure Flame         Conj/Fire      22%          4%          3
c - Inner Flame           Hex/Fire       18%          6%          3

Your spell library contained the following spells:

 Spells                   Type           Power        Failure   Level
 Sticky Flame             Conj/Fire      22%          16%         4
 Fireball                 Conj/Fire      11%          41%         5


Dungeon Overview and Level Annotations

Branches:
Dungeon (2/15)

Altars:


Innate Abilities, Weirdness & Mutations

You cannot wear most types of armour.
You are very stealthy in the water. (Stealth+)
You are amphibious.
You can wear up to eight rings at the same time.
You can use your tentacles to constrict eight enemies at once.
Your skin changes colour to match your surroundings (Stealth+).
Your rubbery body absorbs attacks. (AC +1, EV +1)
One of your tentacles bears a spike.
You are partially covered in yellow scales. (AC +2)
You occasionally shout uncontrollably at your foes.
You expend magic power (3 MP) to strengthen your wands.


Message History

The spell is quite dangerous to cast (4% risk of failure)!
Continue anyway?
The fire begins to smolder!
The ogre smothers the flame.
As you read the scroll labelled GOPPERCHOSOKK, it crumbles to dust.
It is a scroll of enchant armour.
You aren't carrying any armour which can be enchanted further.
The ogre hits you with a +0 giant spiked club!!
Ouch! That really hurt!
* * * LOW HITPOINT WARNING * * *
It was a potion of might.
You feel very mighty all of a sudden.
It was a potion of brilliance.
You feel clever all of a sudden. The ogre barely misses you.
As you read the scroll labelled BUPOROTYHA, it crumbles to dust.
It is a scroll of identify.
You don't have any unidentified items.
The ogre hits you with a +0 giant spiked club!
Ouch! That really hurt!
You die...

###
..####...#.#
.s.# #...#.#
#...#
#.#.#.#
....#
#.#...#
###..#
#.#...#
#.#...#
#.#...#
####.....#
#@OO)...>#
##########


You could see 2 ogres.

Vanquished Creatures
  A worker ant (D:4)
  A worker ant zombie (D:4)
  An adder (D:4)
  An orc (D:4)
  3 giant cockroaches
  7 goblins (D:1)
  3 hobgoblins
  2 jackals (D:1)
  A kobold (D:1)
  A quokka (D:4)
  5 bats (D:1)
  A quokka skeleton (D:4)
  4 rats (D:1)
31 creatures vanquished.

Vanquished Creatures (others)
  27 foxfires
27 creatures vanquished.

Grand Total: 58 creatures vanquished

Notes
Turn   | Place    | Note
-------+----------+-------------------------------------------
     0 | D:1      | manyhoops the Octopode Fire Elementalist began the quest
                  | for the Orb.
     0 | D:1      | Reached XP level 1. HP: 11/11 MP: 3/3
   316 | D:1      | Reached XP level 2. HP: 17/17 MP: 1/5
  1143 | D:1      | Reached XP level 3. HP: 21/21 MP: 6/6
  1325 | D:2      | You fall into a shaft and drop 2 floors!
  1398 | D:4      | Gained mutation: You expend magic power (3 MP) to
                  | strengthen your wands. [potion of mutation]
  1398 | D:4      | Gained mutation: You occasionally shout uncontrollably at
                  | your foes. [potion of mutation]
  1398 | D:4      | Gained mutation: One of your tentacles bears a spike.
                  | [potion of mutation]
  1398 | D:4      | Gained mutation: You are partially covered in yellow
                  | scales. (AC +2) [potion of mutation]
  1408 | D:4      | Reached XP level 4. HP: 14/27 MP: 0/7
  1592 | D:4      | Learned a level 3 spell: Conjure Flame
  1597 | D:4      | Learned a level 3 spell: Inner Flame
  1787 | D:4      | Noticed an ogre
  1790 | D:4      | Noticed an ogre
  1803 | D:4      | HP: 1/27 [ogre/+0 giant spiked club (26)]
  1806 | D:4      | Demolished by an ogre

Illustrated notes

Levels and vault maps discovered:
D:1:      dpeg_arrival_pond, layout_loops_ring, dk_noncrumbling_4,
          chequers_serial_rivers_room_b, minmay_misc_feat_room
D:2:      layout_basic, hangedman_ru_absence
D:4:      layout_basic, minmay_misc_feat_rugged, minmay_bent

Skill      XL: |  1 |
---------------+----+-----
Stealth        | 3 |  3.9
Dodging        | |  2.6
Spellcasting   | |  2.3
Conjurations   | |  1.0
Fire Magic     | |  3.9

Action                   |  1- 3 |  4- 6 || total
-------------------------+-------+-------++-------
Melee: Unarmed           |    80 |     6 ||    86
       Constrict         |    27 |     3 ||    30
       Tentacles         |    10 |     3 ||    13
 Cast: Foxfire           |    11 |     5 ||    16
       Conjure Flame     |       |     1 ||     1
  Use: Scroll            |     2 |     2 ||     4
       Potion            |     3 |     2 ||     5
 Stab: Sleeping          |     5 |     1 ||     6
Armor: Skin              |    16 |     1 ||    17
Dodge: Dodged            |    61 |     8 ||    69
